 Dungeon Crawl Stone Soup version 0.26.1-11-gd32895ea62 (webtiles) character file.

Game seed: 17106095780799598286

3396 Brecoman the Martial Artist (level 10, -3/74 HPs)
             Began as a Gnoll Transmuter on June 24, 2021.
             Was a Follower of Wu Jian.
             Slain by a gnoll sergeant
             ... wielding a +0 halberd
              (19 damage)
             ... in a bailey on June 30, 2021.
             The game lasted 00:24:29 (9557 turns).

Brecoman the Martial Artist (Gnoll Transmuter)      Turns: 9557, Time: 00:24:32

Health: -3/74      AC:  2    Str: 15    XL:     10   Next: 4%
Magic:  19/20      EV: 27    Int: 15    God:    Wu Jian [*.....]
Gold:   416        SH:  0    Dex: 22    Spells: 17/23 levels left

rFire    . . .     SeeInvis .     - Unarmed
rCold    + . .     Faith    .   (shield currently unavailable)
rNeg     . . .     Spirit   .   (armour currently unavailable)
rPois    x         Reflect  .   (helmet currently unavailable)
rElec    .         Harm     .   (cloak currently unavailable)
rCorr    .         Rampage  .   (gloves currently unavailable)
Will     .....                  (boots currently unavailable)
Stlth    +++.......             (no amulet)
HPRegen  0.22/turn              d - ring of flight
MPRegen  0.17/turn              i - ring of protection from cold

@: spider-form (expiring)
A: tiny, distributed training, strong nose
a: End Transformation, Renounce Religion, Evoke Flight


You were in a bailey.
You worshipped Wu Jian.
Wu Jian was aware of your devotion.
You were a venomous arachnid creature.
You visited 2 branches of the dungeon, and saw 8 of its levels.
You also visited: Bailey.

You collected 416 gold pieces.

Inventory:

Hand Weapons
 a - a +0 whip
 b - a +0 hunting sling
 C - a +2 dagger of freezing
Missiles
 f - 178 stones
Armour
 e - a +0 ring mail
 r - a +0 robe
 A - a +0 leather armour (melded)
Jewellery
 d - a ring of flight (left front leg)
 i - a ring of protection from cold (right front leg)
 l - an uncursed ring of stealth
 n - an uncursed ring of stealth
Wands
 o - a wand of iceblast (11)
 u - a wand of polymorph (17)
 x - a wand of random effects (12)
Scrolls
 c - 3 scrolls of random uselessness {unknown}
 k - 4 scrolls of identify
 t - a scroll of enchant armour {unknown}
 v - 2 scrolls of enchant weapon {unknown}
 w - 3 scrolls of teleportation {unknown}
 y - a scroll of fear {unknown}
 B - a scroll of remove curse
Potions
 g - 2 potions of invisibility {unknown}
 h - a potion of resistance {unknown}
 j - 2 potions of curing
 m - 2 potions of might {unknown}
 p - 2 potions of cancellation
 q - 3 potions of attraction {unknown}
 s - a potion of lignification {unknown}
 z - a potion of heal wounds {unknown}


   Skills:
 + Level 5.5 Fighting
 + Level 4.8 Short Blades
 + Level 4.8 Long Blades
 + Level 4.8 Axes
 + Level 4.8 Maces & Flails
 + Level 4.8 Polearms
 + Level 4.8 Staves
 + Level 4.8 Slings
 + Level 4.8 Bows
 + Level 4.8 Crossbows
 + Level 4.8 Throwing
 + Level 4.8 Armour
 + Level 6.7 Dodging
 + Level 4.8 Stealth
 + Level 4.8 Shields
 + Level 8.2 Unarmed Combat
 + Level 7.0 Spellcasting
 + Level 4.0 Conjurations
 + Level 4.0 Hexes
 + Level 4.0 Summonings
 + Level 4.0 Necromancy
 + Level 4.0 Translocations
 + Level 5.6 Transmutations
 + Level 4.0 Fire Magic
 + Level 4.0 Ice Magic
 + Level 4.0 Air Magic
 + Level 4.0 Earth Magic
 + Level 4.0 Poison Magic
 + Level 5.3 Invocations
 + Level 4.8 Evocations


You had 17 spell levels left.
You knew the following spells:

 Your Spells              Type           Power        Failure   Level
a - Beastly Appendage     Tmut           44%          6%          1
b - Wereblood             Tmut           22%          8%          2
c - Spider Form           Tmut/Pois      9%           16%         3

Your spell library contained the following spells:

 Spells                   Type           Power        Failure   Level
 Ice Form                 Ice/Tmut       19%          38%         4
 Blade Hands              Tmut           11%          58%         5


Dungeon Overview and Level Annotations

Branches:
Dungeon (7/15)             Temple (1/1) D:5          Bailey (1/1)

Altars:
Ashenzari
Cheibriados
Dithmenos
Elyvilon
Fedhas
Gozag
Hepliaklqana
Kikubaaqudgha
Makhleb
Nemelex Xobeh
Okawaru
Qazlal
Ru
Sif Muna
Trog
Uskayaw
Vehumet
Wu Jian
Yredelemnul
Zin
The Shining One


Innate Abilities, Weirdness & Mutations

Your experience applies equally to all skills.
((You have very sharp teeth.))
Your uncanny sense of smell can sniff out nearby items.


Message History

The gnoll shaman calls down the wrath of its god upon you.
You easily resist.
You are too injured to fight recklessly!
You lunge at the gnoll sergeant.
You hit the gnoll sergeant but do no damage.
The gnoll sergeant is poisoned.
The gnoll sergeant barely misses you.
The gnoll shaman invokes the aid of its god against you.
You easily resist.
There is an open door here.
The gnoll sergeant hits you from afar with a +0 halberd!
* * * LOW HITPOINT WARNING * * *
You lunge at the gnoll shaman.
You bite the gnoll shaman!
The gnoll shaman is heavily wounded.
You spin and attack the gnoll shaman.
You hit the gnoll shaman but do no damage.
The gnoll shaman is heavily wounded.
The gnoll shaman hits you with a +0 halberd!
* * * LOW HITPOINT WARNING * * *
The gnoll sergeant hits you from afar with a +0 halberd!!
You die...

####### ♣≈ ##.8..... #..≈.♣
♣≈ ##........ ∆#..≈.♣♣ ♣≈.
#....... ∆#..≈..♣ ♣≈.
#...g.##### ∆#..≈..♣
♣≈..#)g.g##...## #..≈..♣♣
♣≈..##'###.....######..≈...♣
♣≈......#...)..)#...)...)...
♣≈...).ggg.s8..)')).'......(
♣≈......#.g)....#[..'...)...
♣≈..##'###.....######..≈...♣
♣≈..#)...##...##..+ #..≈...♣
♣≈. #.)...#####...#∆#..≈...♣
♣≈. #.....g.'.....#∆#..≈..♣♣
♣≈ ##......#gg...#∆#..≈.♣♣
♣≈ ##.8...#.g.8.# #..≈.♣
############# ..≈≈♣♣


You could see a gnoll sergeant (poisoned), a gnoll shaman and 2 gnolls.

Vanquished Creatures
  Pikel (D:6)
  Prince Ribbit (D:5)
  Grinder (D:4)
  An orc warrior (D:6)
  A phantom (D:4)
  A black bear (D:6)
  An ice beast (D:5)
  A centaur (D:4)
  4 ogres
  2 lemures (D:6)
  A bullfrog (D:6)
  5 gnoll sergeants (Bailey)
  A scorpion (D:5)
  A water moccasin skeleton (D:5)
  4 wights (D:4)
  A howler monkey (D:5)
  Crazy Yiuf (D:5)
  5 orc priests
  3 hounds
  2 orc wizards
  A bullfrog skeleton (D:5)
  4 gnoll shamans (Bailey)
  An iguana (D:5)
  Natasha (twice) (D:2)
  4 worker ants
  14 gnolls
  14 adders
  A shadow imp (D:6)
  A white imp (D:7)
  2 ufetubi
  An ooze (D:1)
  2 adder skeletons
  6 worms
  4 dart slugs
  5 leopard geckos
  24 orcs
  4 giant cockroaches
  6 goblins
  8 hobgoblins
  3 jackals (D:5)
  7 bats
  7 frilled lizards
  A jackal skeleton (D:5)
  A jackal zombie (D:5)
  8 kobolds
  2 quokka skeletons
  10 rats
181 creatures vanquished.

Notes
Turn   | Place    | Note
-------+----------+-------------------------------------------
     0 | D:1      | Brecoman the Gnoll Transmuter began the quest for the Orb.
     0 | D:1      | Reached XP level 1. HP: 17/17 MP: 6/6
   127 | D:1      | Reached XP level 2. HP: 16/23 MP: 7/7
   671 | D:1      | Reached XP level 3. HP: 28/28 MP: 9/9
   715 | D:1      | Reached skill level 5 in Spellcasting
  1152 | D:1      | Reached skill level 1 in Invocations
  1344 | D:1      | Learned a level 2 spell: Wereblood
  1540 | D:1      | Reached skill level 1 in Short Blades
  1540 | D:1      | Reached skill level 1 in Long Blades
  1540 | D:1      | Reached skill level 1 in Axes
  1540 | D:1      | Reached skill level 1 in Maces & Flails
  1540 | D:1      | Reached skill level 1 in Polearms
  1540 | D:1      | Reached skill level 1 in Staves
  1540 | D:1      | Reached skill level 1 in Slings
  1540 | D:1      | Reached skill level 1 in Bows
  1540 | D:1      | Reached skill level 1 in Crossbows
  1540 | D:1      | Reached skill level 1 in Throwing
  1540 | D:1      | Reached skill level 1 in Armour
  1540 | D:1      | Reached skill level 1 in Stealth
  1540 | D:1      | Reached skill level 1 in Shields
  1540 | D:1      | Reached skill level 1 in Evocations
  1697 | D:2      | Reached XP level 4. HP: 32/34 MP: 9/11
  2200 | D:2      | Reached skill level 1 in Conjurations
  2200 | D:2      | Reached skill level 1 in Hexes
  2200 | D:2      | Reached skill level 1 in Summonings
  2200 | D:2      | Reached skill level 1 in Necromancy
  2200 | D:2      | Reached skill level 1 in Translocations
  2200 | D:2      | Reached skill level 1 in Fire Magic
  2200 | D:2      | Reached skill level 1 in Ice Magic
  2200 | D:2      | Reached skill level 1 in Air Magic
  2200 | D:2      | Reached skill level 1 in Earth Magic
  2200 | D:2      | Reached skill level 1 in Poison Magic
  2493 | D:2      | Noticed Natasha
  2502 | D:2      | Killed Natasha
  2503 | D:2      | Reached XP level 5. HP: 35/40 MP: 9/12
  2706 | D:2      | Noticed Natasha
  2717 | D:2      | Killed Natasha
  3527 | D:3      | Found a blossoming altar of Fedhas.
  4480 | D:4      | Noticed Grinder
  4485 | D:4      | Paralysed by Grinder for 2 turns
  4489 | D:4      | Reached XP level 6. HP: 47/47 MP: 10/13
  4491 | D:4      | Paralysed by Grinder for 2 turns
  4498 | D:4      | Paralysed by Grinder for 3 turns
  4800 | D:4      | Paralysed by Grinder for 2 turns
  4817 | D:4      | Killed Grinder
  4818 | D:4      | Reached skill level 5 in Dodging
  4818 | D:4      | Reached XP level 7. HP: 10/52 MP: 13/15
  5154 | D:4      | Reached skill level 7 in Unarmed Combat
  5846 | D:4      | Reached XP level 8. HP: 51/60 MP: 16/16
  5947 | D:5      | Entered Level 5 of the Dungeon
  6543 | D:5      | Noticed Prince Ribbit
  6787 | D:5      | Found a runed translucent door.
  6788 | D:5      | Noticed Crazy Yiuf
  6799 | D:5      | Killed Crazy Yiuf
  6956 | D:5      | Learned a level 3 spell: Spider Form
  6970 | D:5      | Killed Prince Ribbit
  6971 | D:5      | Reached skill level 5 in Transmutations
  6971 | D:5      | Reached XP level 9. HP: 45/66 MP: 13/18
  7136 | D:5      | Found a staircase to the Ecumenical Temple.
  7233 | Temple   | Entered the Ecumenical Temple
  7444 | Temple   | Became a worshipper of the Wu Jian Council
  7880 | D:6      | Found a sparkling altar of Nemelex Xobeh.
  8259 | D:6      | Noticed Pikel
  8274 | D:6      | Killed Pikel
  8275 | D:6      | Reached skill level 5 in Fighting
  8275 | D:6      | Reached skill level 8 in Unarmed Combat
  8831 | D:7      | Found a flagged portal.
  8850 | D:7      | Reached skill level 5 in Invocations
  9103 | Bailey   | Entered a bailey
  9113 | Bailey   | Reached * piety under Wu Jian
  9356 | Bailey   | Reached XP level 10. HP: 46/74 MP: 17/20
  9557 | Bailey   | Slain by a gnoll sergeant

Illustrated notes

Levels and vault maps discovered:
D:1:      scummos_arrival_gate, layout_basic, kennysheep_nondescript
D:2:      kennysheep_big_flooded_room, layout_loops_ring, minmay_box_of_dots,
          uniq_natasha
D:3:      layout_loops_corners, fedhas_altar_3
D:4:      layout_loops_corners, uniq_grinder
D:5:      layout_gridville, minmay_temple_entry_large_hall,
          uniq_crazy_yiuf_cottage, uniq_prince_ribbit1
D:6:      layout_basic, nemelex_lonely_heart_becter, uniq_pikel
D:7:      layout_gridville, enter_bailey_2
Temple:   kilobyte_greek_temple
Bailey:   bailey_polearm_gnolls_kennysheep, bailey

Skill      XL: |  1  2  3  4  5  6  7  8  9 10 |
---------------+-------------------------------+-----
Spellcasting   | 5 6 7 |  7.0
Invocations    | 1 2 3 4 5 |  5.3
Short Blades   | 1 2 3 4 |  4.8
Long Blades    | 1 2 3 4 |  4.8
Axes           | 1 2 3 4 |  4.8
Maces & Flails | 1 2 3 4 |  4.8
Polearms       | 1 2 3 4 |  4.8
Staves         | 1 2 3 4 |  4.8
Slings         | 1 2 3 4 |  4.8
Bows           | 1 2 3 4 |  4.8
Crossbows      | 1 2 3 4 |  4.8
Throwing       | 1 2 3 4 |  4.8
Armour         | 1 2 3 4 |  4.8
Stealth        | 1 2 3 4 |  4.8
Shields        | 1 2 3 4 |  4.8
Evocations     | 1 2 3 4 |  4.8
Conjurations   | 1 2 3 4 |  4.0
Hexes          | 1 2 3 4 |  4.0
Summonings     | 1 2 3 4 |  4.0
Necromancy     | 1 2 3 4 |  4.0
Translocations | 1 2 3 4 |  4.0
Fire Magic     | 1 2 3 4 |  4.0
Ice Magic      | 1 2 3 4 |  4.0
Air Magic      | 1 2 3 4 |  4.0
Earth Magic    | 1 2 3 4 |  4.0
Poison Magic   | 1 2 3 4 |  4.0
Fighting       | 3 4 5 |  5.5
Transmutations | 4 5 |  5.6
Dodging        | 5 6 |  6.7
Unarmed Combat | 7 8 |  8.2

Action                   |  1- 3 |  4- 6 |  7- 9 | 10-12 || total
-------------------------+-------+-------+-------+-------++-------
Melee: Whip              |    86 |    90 |       |       ||   176
       Unarmed           |     7 |    33 |   351 |    20 ||   411
       Kick              |    28 |    35 |    61 |       ||   124
       Headbutt          |     7 |    16 |    28 |       ||    51
       Bite              |     5 |    13 |    25 |       ||    43
       Punch             |     2 |     1 |     7 |       ||    10
 Fire: Hunting sling     |       |    58 |    15 |       ||    73
 Cast: Beastly Appendage |    22 |    21 |    34 |       ||    77
       Wereblood         |     1 |     3 |     1 |       ||     5
       Spider Form       |       |       |    14 |     2 ||    16
Invok: Lunge             |       |       |    23 |     6 ||    29
       Whirlwind         |       |       |     3 |     1 ||     4
 Abil: Evoke Flight      |       |       |     1 |       ||     1
  Use: Scroll            |       |     8 |     1 |       ||     9
       Potion            |       |       |     2 |       ||     2
 Stab: Sleeping          |       |       |     6 |       ||     6
Armor: Ring mail         |    33 |    32 |    20 |       ||    85
       Leather armour    |       |       |     4 |       ||     4
       Skin              |       |       |     4 |       ||     4
Dodge: Dodged            |    59 |    87 |   254 |    25 ||   425
